 Dungeon Crawl Stone Soup version 0.18.1-8-gdd0e5ea (webtiles) character file.

273 Lok the Ducker (level 6, -1/61 HPs)
             Began as a Troll Berserker on May 28, 2016.
             Was a Believer of Trog.
             Slain by an ogre
             ... wielding a +0 giant club
              (24 damage)
             ... on level 5 of the Dungeon on May 29, 2016.
             The game lasted 00:15:10 (1471 turns).

Lok the Ducker (Troll Berserker)                    Turns: 1471, Time: 00:15:11

Health: -1/61      AC:  5    Str: 28    XL:     6   Next: 2%
Magic:  5/5        EV: 10    Int:  8    God:    Trog [**....]
Gold:   41         SH:  0    Dex:  9    Spells: 0 memorised, 5 levels left

rFire  . . .     SeeInvis .     r - +2 dire flail (holy)
rCold  . . .     Gourm    +     b - +0 animal skin
rNeg   . . .     Faith    .     (shield currently unavailable)
rPois  .         Spirit   .     (helmet restricted)
rElec  .         Dismiss  .     (no cloak)
rCorr  .         Reflect  .     (gloves unavailable)
SustAt +         Harm     .     (boots unavailable)
MR     .....                    (no amulet)
Stlth  +.........               (no ring)
                                t - ring of sustain attributes

@: brilliant, starving, not resistant to hostile enchantments, very unstealthy
A: unfitting armour, claws 3, blurry vision 1, fast metabolism 3, gourmand,
regeneration 2, shaggy fur 1, tough skin 2
a: Berserk, Trog's Hand, Burn Spellbooks, Renounce Religion


You were on level 5 of the Dungeon.
You worshipped Trog.
Trog was pleased with you.
You were starving.

You visited 1 branch of the dungeon, and saw 6 of its levels.

You collected 41 gold pieces.

Inventory:

Hand Weapons
 a - a +0 falchion
 f - a +0 dagger
 g - a +0 whip
 o - a +0 trident
 r - a +2 dire flail of holy wrath (weapon)
 w - a +0 greatsling
Missiles
 d - 77 stones (quivered)
 k - 50 arrows
Armour
 b - a +0 animal skin (worn)
 e - a +0 leather armour
 i - a +0 plate armour
 p - a +0 scale mail
 s - a +0 ring mail
 y - a +0 ring mail
Jewellery
 t - a ring of sustain attributes (left claw)
Wands
 j - a wand of flame (32/48)
 q - a wand of flame (30/48)
Scrolls
 m - 2 scrolls of random uselessness {unknown}
 u - a scroll of identify {unknown}
 v - 2 scrolls of teleportation {unknown}
 x - a scroll of amnesia {unknown}
Potions
 h - a potion of might {unknown}
Comestibles
 c - 3 bread rations


   Skills:
 + Level 3.5 Fighting
 + Level 3.8 Long Blades
 + Level 3.9 Dodging
 + Level 0.4 Stealth


You had 5 spell levels left.
You didn't know any spells.

Dungeon Overview and Level Annotations

Branches:
Dungeon (6/15)
 Temple: D:4-7

Altars:


Innate Abilities, Weirdness & Mutations

You are too large for most types of armour.
You have claws for hands.
Your metabolism is lightning-fast.
You like to eat raw meat.
You heal very quickly.
You are covered in fur (AC +1).
You have very tough skin (AC +2).
Scrolls take you a little longer to read.


Message History

It was a potion of brilliance.
You feel clever all of a sudden. The ogre barely misses you.
Drink which item? (? for menu, Esc to quit)
It was a potion of mutation.
You feel extremely strange.
You feel stronger.
Your vision blurs.
You feel weaker. The ogre closely misses you.
You barely miss the ogre.
You are starving!
The ogre hits you with a giant club!
You puncture the ogre!
The ogre is moderately wounded.
The ogre barely misses you.
You barely miss the ogre.
The ogre is moderately wounded.
The ogre misses you.
You barely miss the ogre.
The ogre is moderately wounded.
The ogre hits you with a giant club!!
You die...

##+###.......#.....####.
##..##.......#..........
........##...#..........
........##...#.>........
######.......#..........
#.......#.....#+###
+.......#.....#
#.......#..O..#
#####..##..@..#+####
##..#...........#
#...#...........#
#...#...........#
#####...........##
........####....#
........#..#....#
........#..#....#
........#..#....#


You could see an ogre.

Vanquished Creatures
  Edmund (D:5)
  An orc priest (D:3)
  A giant frog skeleton (D:3)
  An iguana (D:4)
  A worker ant (D:6)
  An adder (D:4)
  A shadow imp (D:5)
  A worm (D:2)
  A dart slug (D:3)
  3 orcs (D:3)
  2 giant cockroaches
  2 goblins (D:3)
  2 hobgoblins
  4 jackals (D:4)
  2 quokkas
  A ball python (D:3)
  2 giant newts
  A jackal skeleton (D:6)
  2 kobolds (D:2)
  2 rats (D:3)
32 creatures vanquished.

Notes
Turn   | Place    | Note
--------------------------------------------------------------
     0 | D:1      | Lok the Troll Berserker began the quest for the Orb.
     0 | D:1      | Reached XP level 1. HP: 22/22 MP: 0/0
   156 | D:3      | Reached XP level 2. HP: 29/29 MP: 1/1
   203 | D:3      | Reached XP level 3. HP: 23/36 MP: 2/2
   646 | D:4      | Reached XP level 4. HP: 19/45 MP: 3/3
   768 | D:3      | Reached ** piety under Trog
   961 | D:5      | Entered Level 5 of the Dungeon
  1002 | D:5      | Noticed Edmund
  1015 | D:5      | Killed Edmund
  1015 | D:5      | Reached XP level 5. HP: 53/53 MP: 4/4
  1341 | D:6      | Reached XP level 6. HP: 49/61 MP: 5/5
  1467 | D:5      | Gained mutation: Your muscles are strong. (Str +2) [potion of mutation]
  1467 | D:5      | Gained mutation: Scrolls take you a little longer to read. [potion of mutation]
  1467 | D:5      | Lost mutation: Your muscles are strong. (Str +2) [potion of mutation]
  1471 | D:5      | Slain by an ogre

Skill      XL: |  1  2  3 |
---------------+----------+-----
Dodging        | 3 |  3.9
Fighting       | 3 |  3.5
Long Blades    | 3 |  3.8
Stealth        | |  0.4

Action                   |  1- 3 |  4- 6 || total
-------------------------+-------+-------++-------
Melee: Falchion          |    60 |    31 ||    91
       Dire flail        |       |    19 ||    19
Invok: Berserk           |       |     2 ||     2
       Burn Spellbooks   |       |     1 ||     1
  Use: Potion            |       |     2 ||     2
 Stab: Sleeping          |     1 |       ||     1
  Eat: Chunk             |     2 |     9 ||    11
Armor: Animal skin       |    16 |    16 ||    32
Dodge: Dodged            |    26 |    27 ||    53
